 Dungeon Crawl Stone Soup version 0.19.1-1-g22dce08 (webtiles) character file.

218 sveltemanboy the Destroyer (level 5, 0/28 HPs)
             Began as a Tengu Conjurer on Jan 16, 2017.
             Slain by Grinder (1 damage)
             ... on level 3 of the Dungeon.
             The game lasted 00:07:06 (2155 turns).

sveltemanboy the Destroyer (Tengu Conjurer)         Turns: 2155, Time: 00:07:07

Health: 0/28       AC:  5    Str:  5 (8)  XL:     5   Next: 95%
Magic:  0/10       EV:  6    Int: 14 (17) God:
Gold:   107        SH:  0    Dex: 11 (14) Spells: 3 memorised, 3 levels left

rFire  . . .     SeeInvis .     j - +0 dagger (venom)
rCold  . . .     Gourm    .     o - +0 robe (curse)
rNeg   . . .     Faith    .     (no shield)
rPois  .         Spirit   .     (helmet restricted)
rElec  .         Reflect  .     t - +2 cloak
rCorr  .         Harm     .     (no gloves)
MR     .....                    (boots unavailable)
Stlth  ++........               k - amulet of magic regeneration
                                p - ring of flight
                                (no ring)

@: held
A: beak, talons 3, able to fly 1
a: Fly, Evoke Flight


You were on level 3 of the Dungeon.
You were hungry.

You visited 1 branch of the dungeon, and saw 3 of its levels.

You collected 107 gold pieces.

Inventory:

Hand Weapons
 j - a +0 dagger of venom (weapon)
Armour
 o - a cursed +0 robe (worn)
 t - a +2 cloak (worn)
Jewellery
 k - an amulet of magic regeneration (around neck)
 p - a ring of flight (right hand)
 v - a cursed amulet of inaccuracy {unknown}
Wands
 s - a wand of flame (4/48)
 w - a wand of flame (35/48)
 x - a wand of flame (30/48)
Scrolls
 d - 4 scrolls of identify {unknown}
 f - a scroll of teleportation {unknown}
 g - a scroll of remove curse
 h - a scroll of fog {unknown}
 l - a scroll of magic mapping {unknown}
 m - a scroll of random uselessness {unknown}
 r - a scroll of recharging {unknown}
 y - a scroll of enchant armour {unknown}
 z - a scroll of enchant weapon {unknown}
Potions
 e - 2 potions of degeneration
 i - a potion of lignification {unknown}
 n - a potion of agility {unknown}
 u - a potion of beneficial mutation {unknown}
Books
 b - a book of Conjurations

   Spells                             Type                      Level
   a - Magic Dart                     Conjuration                  1
   b - Searing Ray                    Conjuration                  2
   c - Dazzling Spray                 Conjuration/Hexes            3
   d - Fulminant Prism                Conjuration/Hexes            4
   e - Iskenderun's Mystic Blast      Conjuration                  4
   f - Iskenderun's Battlesphere      Conjuration/Charms           5
Comestibles
 a - 3 chunks of flesh
 c - a bread ration
 q - 2 meat rations


   Skills:
 - Level 2.1 Dodging
 - Level 2.0 Stealth
 + Level 3.2 Spellcasting
 * Level 8.3 Conjurations


You had 3 spell levels left.
You knew the following spells:

 Your Spells              Type           Power        Failure   Level  Hunger
a - Magic Dart            Conj           ####         1%          1    #......
b - Searing Ray           Conj           ####..       1%          2    ##.....
c - Iskenderun's Mystic   Conj           ####....     10%         4    #####..


Dungeon Overview and Level Annotations

Branches:
Dungeon (3/15)

Altars:
The Shining One

Annotations:
D:3 Grinder


Innate Abilities, Weirdness & Mutations

You have a beak for a mouth.
You have claws for feet.
You can fly.


Message History

Grinder gestures at you.
You barely resist.
Okay, then.
Casting: Iskenderun's Mystic Blast
Confirm with . or Enter, or press ? or * to list all spells.
Aiming: Searing Ray
Press: ? - help, Shift-Dir - straight line, f/p - Grinder
Aim: Grinder (severely wounded)
The searing ray hits Grinder.
Grinder is severely wounded.
Grinder gestures at you. Pain shoots through your body!
* * * LOW HITPOINT WARNING * * *
The searing ray hits Grinder.
Grinder is severely wounded.
A gnoll comes into view. It is wielding a club.
The searing ray misses Grinder.
The searing ray hits the gnoll.
You kill the gnoll!
Grinder hits you.
You die...

###^.. # ##...## #.
##.....# ###.###.......
.............. .
#.....#....... ..)
#............
#..)#######.##.#...>...
#.g5@...>.##=#.......
#####..#####......<..
####...######.#......
#....#.............#.
#.###########........
#.# #.........# ##.#
##.####....# #..#
####..#........ #.##
###....##..#...##


You could see Grinder and a gnoll.

Vanquished Creatures
  Crazy Yiuf (D:2)
  Ijyb (D:2)
  Terence (D:2)
  A gnoll (D:3)
  7 adders
  An ooze (D:2)
  2 worms (D:2)
  2 dart slugs (D:2)
  2 leopard geckos (D:1)
  2 giant cockroaches
  4 goblins
  7 hobgoblins (D:2)
  5 jackals
  6 kobolds
  6 bats
  3 frilled lizards
  2 rats
53 creatures vanquished.

Notes
Turn   | Place    | Note
-------+----------+-------------------------------------------
     0 | D:1      | sveltemanboy the Tengu Conjurer began the quest for the Orb.
     0 | D:1      | Reached XP level 1. HP: 10/10 MP: 4/4
   313 | D:1      | Reached XP level 2. HP: 15/15 MP: 4/6
   317 | D:1      | Learned a level 2 spell: Searing Ray
   355 | D:1      | Reached skill level 6 in Conjurations
   558 | D:1      | Found a glowing golden altar of the Shining One.
   611 | D:1      | Reached XP level 3. HP: 19/19 MP: 2/7
   758 | D:2      | Noticed Terence
   779 | D:2      | Killed Terence
   965 | D:2      | Reached XP level 4. HP: 24/24 MP: 5/8
  1080 | D:2      | Reached skill level 7 in Conjurations
  1086 | D:2      | Found a faded altar of an unknown god.
  1511 | D:2      | Found a runed door.
  1515 | D:2      | Noticed Crazy Yiuf
  1539 | D:2      | Killed Crazy Yiuf
  1539 | D:2      | Gained mutation: You can fly. [Tengu growth]
  1539 | D:2      | Reached XP level 5. HP: 23/28 MP: 4/10
  1634 | D:2      | Noticed Ijyb
  1640 | D:2      | Killed Ijyb
  2030 | D:3      | Reached skill level 8 in Conjurations
  2043 | D:3      | Learned a level 4 spell: Iskenderun's Mystic Blast
  2145 | D:3      | Noticed Grinder
  2147 | D:3      | Paralysed by Grinder for 5 turns
  2153 | D:3      | HP: 1/28 [Grinder/nerve-wracking pain (5)]
  2155 | D:3      | Slain by Grinder

Skill      XL: |  1  2  3  4  5 |
---------------+----------------+-----
Conjurations   | 6 7 8 |  8.3
Spellcasting   | 3 |  3.2
Dodging        | |  2.1
Stealth        | |  2.0

Action                   |  1- 3 |  4- 6 || total
-------------------------+-------+-------++-------
Melee: Dagger            |    11 |    21 ||    32
       Kick              |     3 |     5 ||     8
       Peck              |     1 |     2 ||     3
 Cast: Magic Dart        |    31 |    31 ||    62
       Searing Ray       |     4 |     9 ||    13
       Iskenderun's Myst |       |     2 ||     2
Evoke: Wand              |       |     9 ||     9
  Use: Scroll            |     1 |       ||     1
       Potion            |       |     1 ||     1
 Stab: Sleeping          |       |     2 ||     2
  Eat: Chunk             |     1 |     4 ||     5
Armor: Robe              |     4 |     2 ||     6
Dodge: Dodged            |    15 |     8 ||    23
